 Dungeon Crawl Stone Soup version 0.30.1-11-g7821555f0a (webtiles) character file.

Game seed: 10123295341120205382

56 fireball365 the Trooper (level 3, -4/33 HPs)
             Began as a Hill Orc Fighter on Dec 24, 2023.
             Slain by Terence
             ... wielding a +1 heavy flail
              (10 damage)
             ... on level 2 of the Dungeon.
             The game lasted 00:02:42 (1585 turns).

fireball365 the Trooper (Hill Orc Fighter)          Turns: 1585, Time: 00:02:43

Health: -4/33      AC:  7    Str: 26    XL:     3   Next: 97%
Magic:  3/3        EV:  9    Int:  8    God:
Gold:   131        SH:  4    Dex: 10    Spells: 2/2 levels left

rFire   . . .        a - +0 war axe
rCold   . . .        c - +0 buckler
rNeg    . . .        b - +0 scale mail
rPois   .            (no helmet)
rElec   .            (no cloak)
rCorr   +            (no gloves)
SInv    .            (no boots)
Will    .....        (no amulet) Stlth
                     j - ring of resist corrosion
HPRegen 0.25/turn    l - +6 ring of strength
MPRegen 0.08/turn

%: no passive effects
@: flying
A: no striking features
a: no special abilities


You were on level 2 of the Dungeon.
You visited 1 branch of the dungeon, and saw 2 of its levels.

You collected 131 gold pieces.

Inventory:

Hand Weapons
 a - a +0 war axe (weapon)
Armour
 b - a +0 scale mail (worn)
 c - a +0 buckler (worn)
 g - a +0 hat
Jewellery
 e - an amulet of magic regeneration
 j - a ring of resist corrosion (left hand)
 k - a ring of ice
 l - a +6 ring of strength (right hand)
Scrolls
 i - a scroll of identify {unknown}
Potions
 d - a potion of might
 h - a potion of berserk rage {unknown}
 m - a potion of cancellation {unknown}


   Skills:
 + Level 4.0 Fighting
 + Level 4.0 Axes
 + Level 3.7 Armour
 + Level 0.2 Dodging
 + Level 0.1 Stealth
 + Level 3.8 Shields


You had 2 spell levels left.
You didn't know any spells.
Your spell library contained the following spells:

 Spells                   Type           Power      Damage    Failure   Level
 Lesser Beckoning         Tloc           0%         N/A       87%         2
 Sublimation of Blood     Necr           0%         N/A       87%         2
 Gell's Gravitas          Tloc           0%         N/A       98%         3
 Teleport Other           Tloc           0%         N/A       98%         3
 Petrify                  Tmut/Erth      0%         N/A       100%        4
 Irradiate                Conj/Tmut      0%         3d11      100%        5


Dungeon Overview and Level Annotations

Branches:
Dungeon (2/15)

Altars:

Annotations:
D:2 Terence


Message History

You see here a +0 dagger.
You open the door.
There is an open door here.
A dart slug comes into view.
The dart slug bites you.
You slash the dart slug!
The dart slug is almost dead.
You slash the dart slug!
You kill the dart slug!
You enter the shallow water.
Moving in this stuff is going to be slow.
Found a mace.
Terence the Incautious comes into view.
He is wielding a +1 heavy flail.
Terence shouts!
Terence moves out of view.
Terence is nearby!
Terence hits you with a +1 heavy flail!
You hit Terence but do no damage. Terence barely misses you.
You barely miss Terence. Terence hits you with a +1 heavy flail!
You hit Terence but do no damage. Terence hits you with a +1 heavy flail.
* * * LOW HITPOINT WARNING * * *
You hit Terence.
Terence is moderately wounded.
Terence barely misses you.
You hit Terence.
Terence is moderately wounded.
Terence barely misses you.
It was a potion of flight.
You feel very buoyant.
You fly up into the air.
You hit Terence.
Terence is heavily wounded.
Terence misses you.
You hit Terence but do no damage.
Terence is heavily wounded.
Terence hits you but does no damage.
You hit Terence but do no damage.
Terence is heavily wounded.
Terence hits you with a +1 heavy flail!
You die...

##..## #....# ######### #....#
#####~~~~~~~~
#8..8###~~~~~≈≈≈≈≈≈~ . #.#.#
###8..8~~~~≈≈≈≈≈≈≈≈≈≈≈
.###.#.#####..~..~~≈≈≈≈≈≈≈~~~~~~≈
~~.........~~~~.@≈≈≈≈≈~~~~~####~~
≈~~~~...~~~~≈≈≈.@≈≈~~~~##### ###
≈≈≈≈~~~~~≈≈≈≈≈≈..~~~#### #
~≈≈≈≈≈≈≈≈≈≈≈~~~.)~.## #
~~~~≈≈≈≈≈~~~~#8..8.# # #~~~~~~~##
#8..8.# # ####'#### #.....# ##
##...## #.....# ##. ##.....##
##...#### ##.# ##......)##
#......# ##...


You could see Terence.

Vanquished Creatures
  An adder (D:2)
  A worm (D:2)
  4 dart slugs
  2 endoplasms
  2 giant cockroaches (D:1)
  3 goblins (D:1)
  3 hobgoblins
  A quokka (D:1)
  A ball python (D:1)
  4 bats (D:1)
  3 frilled lizards
  5 kobolds
  9 rats
39 creatures vanquished.

Notes
Turn   | Place    | Note
-------+----------+-------------------------------------------
     0 | D:1      | fireball365 the Hill Orc Fighter began the quest for the
                  | Orb.
     0 | D:1      | Reached XP level 1. HP: 19/19 MP: 1/1
   129 | D:1      | Reached XP level 2. HP: 27/27 MP: 2/2
   475 | D:1      | Reached XP level 3. HP: 32/33 MP: 3/3
   496 | D:1      | You fall into a shaft and drop 1 floor!
  1568 | D:2      | Noticed Terence
  1585 | D:2      | Slain by Terence

Illustrated notes

Levels and vault maps discovered:
D:1:      dpeg_arrival_subterranean_lakeside_camping, layout_basic,
          dk_noncrumbling_2
D:2:      wander_river, layout_loops_corners, uniq_terence

Skill      XL: |  1  2  3 |
---------------+----------+-----
Axes           | 3 4 |  4.0
Fighting       | 4 |  4.0
Armour         | |  3.7
Dodging        | |  0.2
Stealth        | |  0.1
Shields        | |  3.8

Action                     || total
---------------------------++-------
  Melee: War axe           ||   106
    Use: Potion            ||     1
 Armour: Scale mail        ||    42
  Dodge: Dodged            ||    62
  Block: Buckler           ||    15
